Unix NetHack Version 5.0.0-0 post-release - last build May 10 2026 23:12:36 (d1fa5d53e341ca933230fdaa984d921c805b60aa,branch:main).

Game began 2026-05-13 15:33:35, ended 2026-05-13 15:59:56.

Brudee, neutral female human Tourist

                                                                      -- ----
                                                      ---     --.--  |..--..|
                                                  -----.|.    |....- |......|
                                                --...|...------.....||.....--
                                                ^.....).............|--...--
                                               --....)...--.-.--....| |...---
                                               |....................---.....--
                                               |#.........[.............)....|
                                              -#..................o..........|
                                             ##.............................--
                                             |.....|.....-.................--
                                             --.|.----........|............|
                                              -----  --......--- .........-----
                                                      |...*..   |..........|..|
                                                      -.....0- --^............|
                                             ..|.|.---.....^..o...@..........--
                                             ........^.)........)..).f......<|
                                             ...---.........---.|.|........---
                                                    .--          ---..--.---
                                                                   -------
Brudee the Sightseer        St:3 Dx:11 Co:16 In:11 Wi:8 Ch:18  Neutral S:1314
Dlvl:6  $:914 HP:0(34) Pw:18(18) AC:6  Xp:5/248 T:2656  Stressed

Latest messages:
 You see here a lamp.
 You have a little trouble lifting X - a lamp.
 What do you want to use or apply? [jkCSX or ?*] X
 Your lamp is now on.
 The housecat picks up a rotted hooded cloak.
 You learn more about your items by comparing them.
 You have a little trouble lifting a - a +2 dart (at the ready) (8 in total).
 You see here a rotted hooded cloak.
 The newt bites!
 The newt bites!
 The housecat misses the newt.
 The newt bites!
 The housecat bites the newt.
 The newt is killed!
 You see here a newt corpse.
 There is a newt corpse here; eat it? [ynq] (n) y
 This newt corpse is gamey.
 You finish eating the newt corpse.
 You have a little trouble lifting Y - a clear potion.
 There is nothing here to pick up.
 The Uruk-hai shoots 2 poisoned crude arrows!
 You are hit by the 1st poisoned crude arrow.
 You are hit by the 2nd poisoned crude arrow.
 You feel weaker!
 In what direction? h
 The dart hits the Uruk-hai!
 The Uruk-hai reads a scroll labeled VELOX NEB!
 You have a little trouble lifting a - a +2 dart (at the ready) (8 in total).
 You swap places with your housecat.
 You see here 2 poisoned crude arrows.
 You are now more skilled in dart.
 You climb up the stairs.
 There is a staircase down to level 6 here.
 You see here 3 darts.
 You fall down the stairs.
 You stop.  Your housecat is in the way!
 You swap places with your housecat.
 You are hit by a poisoned crude arrow.
 You feel weaker!
 A poisoned crude arrow misses you.
 You are hit by a poisoned crude arrow.
 You are almost hit by a poisoned crude arrow.
 You are hit by a poisoned crude arrow.
 You feel very sick!
 You rebalance your load.  Movement is difficult.
 You feel weaker!
 You are hit by a poisoned crude arrow!
 The poison was deadly...
 Do you want your possessions identified? [ynq] (y) y
 Do you want to see your attributes? [ynq] (y) q

Inventory:
 Coins    ('$')
  $ - 914 gold pieces
 Amulets  ('"')
  s - an uncursed amulet of ESP (being worn)
 Weapons  (')')
  r - a +0 boomerang
  a - 8 +2 darts (at the ready)
  z - 14 +0 darts
  O - a +0 dagger
  N - a +0 elven dagger
  U - a cursed -3 dwarvish short sword (weapon in left hand)
  F - a +0 long sword
 Armor    ('[')
  V - an uncursed +0 dwarvish iron helm
  p - an uncursed +1 orcish helm (being worn)
  W - an uncursed +1 pair of iron shoes
  R - an uncursed +0 pair of iron shoes
  P - an uncursed +1 pair of jumping boots (being worn)
  B - an uncursed +0 pair of kicking boots
  K - a cursed -1 pair of low boots
  i - an uncursed +0 Hawaiian shirt with a sailboat motif (being worn)
 Comestibles  ('%')
  e - an uncursed carrot
  d - 5 uncursed food rations
  c - 2 uncursed fortune cookies
  D - an uncursed pear
  b - 3 uncursed tripe rations
 Scrolls  ('?')
  q - a cursed scroll of identify
 Potions  ('!')
  G - an uncursed potion of confusion
  g - 2 uncursed potions of extra healing
  A - 4 uncursed potions of healing
  Y - an uncursed potion of water
 Rings    ('=')
  u - an uncursed ring of cold resistance
  x - an uncursed ring of cold resistance
  v - an uncursed ring of fire resistance
  w - an uncursed ring of hunger
 Tools    ('(')
  k - an uncursed credit card
  j - an expensive camera (0:31)
  X - a blessed oil lamp (lit)
  S - a +0 pick-axe
  C - an uncursed skeleton key
 Gems/Stones  ('*')
  n - an uncursed topaz stone
  M - 2 uncursed worthless pieces of violet glass
  o - an uncursed worthless piece of yellowish brown glass
  T - an uncursed flint stone

Brudee the Tourist's attributes:

Background:
 You were a Sightseer, a level 5 female human Tourist.
 You were neutral, on a mission for The Lady
 who was opposed by Blind Io (lawful) and Offler (chaotic).
 You were left-handed.
 You were in the Gnomish Mines, on level 6.
 You entered the dungeon 2656 turns ago.
 You had 248 experience points, 72 more were needed to attain level 6.
 Your score was 1314 before end-of-game adjustments.

Basics:
 You had 0 out of 34 hit points.
 You had all 18 energy points (spell power).
 Your armor class was 6.
 Your wallet contained 914 zorkmids.
 Autopickup was on for '!+?"/=$' plus thrown.

Final Characteristics:
 Your strength was 3 (peak:12, limit:18/100).
 Your dexterity was 11 (limit:18).
 Your constitution was 16 (peak:17, limit:18).
 Your intelligence was 11 (limit:18).
 Your wisdom was 8 (limit:18).
 Your charisma was 18 (limit:18).

Final Status:
 You weren't hungry.
 You were stressed; movement was moderately slowed.
 You were wielding a short sword.
 You were unskilled in short sword.

Final Attributes:
 You were piously aligned.
 You were telepathic.
 You could jump.
 You are dead.

Miscellaneous:
 You didn't encounter any bones levels.
 Total elapsed playing time was 26 minutes and 20 seconds.

Major events:
 Turn
    1: Brudee the neutral female human Tourist entered the dungeon
 1186: attained the rank of Sightseer (level 3)
 2220: entered the Gnomish Mines
 2656: poisoned by an orcish arrow

You didn't know any spells.

Skills:
 Fighting Skills
   bare handed combat [Unskilled]
   two weapon combat  [Unskilled]
   riding             [Unskilled]
 Weapon Skills
   dagger             [Unskilled]
   knife              [Unskilled]
   axe                [Unskilled]
   pick-axe           [Unskilled]
   short sword        [Unskilled]
   broadsword         [Unskilled]
   long sword         [Unskilled]
   two-handed sword   [Unskilled]
   saber              [Unskilled]
   mace               [Unskilled]
   morning star       [Unskilled]
   flail              [Unskilled]
   hammer             [Unskilled]
   quarterstaff       [Unskilled]
   polearms           [Unskilled]
   spear              [Unskilled]
   trident            [Unskilled]
   lance              [Unskilled]
   bow                [Unskilled]
   sling              [Unskilled]
   crossbow           [Unskilled]
   dart               [Skilled]
   shuriken           [Unskilled]
   boomerang          [Unskilled]
   whip               [Unskilled]
   unicorn horn       [Unskilled]
 Spellcasting Skills
   divination spells  [Unskilled]
   enchantment spells [Unskilled]
   escape spells      [Unskilled]

Voluntary challenges:
 Character rerolling was not enabled.
 You never hit with a wielded weapon.
 You never genocided any monsters.
 You never polymorphed an object.
 You never changed form.
 You used no wishes.
Achievements:
 You entered a shop.
 You attained the rank of Sightseer.
 You entered the Gnomish Mines.

 The Dungeons of Doom: levels 1 to 6
    Level 1:
    Level 2:
       A ring shop, a fountain.
    Level 3:
       Stairs down to The Gnomish Mines.
    Level 4:
       An altar, some fountains.
    Level 5:
       Many fountains.
       Oracle of Delphi.
    Level 6:
       A fountain, a grave.
 The Gnomish Mines: levels 4 to 6
    Level 4:
    Level 5:
    Level 6: <- You were here.
       Final resting place for
          you, poisoned by an orcish arrow.


Vanquished creatures:
  3 gnome leaders
  2 floating eyes
  4 dwarves
  2 homunculi
  a dwarf zombie
  a hobbit
  a hobgoblin
  a giant rat
  a green mold
 16 gnomes
  5 geckos
  5 jackals
  a fox
  a kobold
  a goblin
  a sewer rat
  5 grid bugs
  a bat
  3 lichens
  2 kobold zombies
  9 newts
66 creatures vanquished.

No species were genocided or became extinct.

Game over:
                       ----------
                      /          \
                     /    REST    \
                    /      IN      \
                   /     PEACE      \
                  /                  \
                  |      Brudee      |
                  |      914 Au      |
                  |  poisoned by an  |
                  |   orcish arrow   |
                  |                  |
                  |                  |
                  |       2026       |
                 *|     *  *  *      | *
        _________)/\\_//(\/(/\)/\//\/|_)_______

Aloha Brudee the Tourist...

You were poisoned in The Gnomish Mines on dungeon level 6 with 1310 points,
and 914 pieces of gold, after 2656 moves.
You were level 5 with a maximum of 34 hit points when you were poisoned.

